[Event "IRT Club Caissa 2019"]
[Site "Guatemala"]
[Date "2019.01.10"]
[Round "4"]
[White "Lozano, Ricardo"]
[Black "Cuenca Jimenez, Jose Fernando"]
[Result "0-1"]
[ECO "A02"]
[WhiteElo "2017"]
[BlackElo "2512"]
[Annotator "ChessBase"]
[PlyCount "66"]
[EventDate "2019.01.09"]
[EventType "swiss"]
[EventCountry "GUA"]
[SourceTitle "playchess.com"]
[Source "ChessBase"]
[SourceQuality "1"]
[TimeControl "5400+30"]

1. f4 c5 2. e4 Nc6 3. Nf3 g6 4. Be2 d5 5. d3 Bg7 6. O-O e6 7. Nc3 Nge7 8. Qe1 b6 9. Qg3 Ba6 10. Ne5 Nd4 11. Bd1 O-O 12. Qh3 b5 13. Re1 b4 14. Ne2 dxe4 15. Nxd4 Qxd4+ 16. Qe3 exd3 17. Qxd4 cxd4 18. Nxd3 Rab8 19. Nc5 Bb5 20. a4 Bc6 21. Be2 a5 22. Bc4 Rfc8 23. Nxe6 fxe6 24. Bxe6+ Kf8 25. Bxc8 Rxc8 26. g4 Bf3 27. f5 Bxg4 28. fxg6 Nxg6 29. Bg5 Rxc2 30. Rf1+ Kg8 31. Rae1 Be2 32. Rc1 d3 33. Rxc2 Bd4+ 0-1

[Event "IRT Club Caissa 2019"]
[Site "Guatemala"]
[Date "2019.01.10"]
[Round "4"]
[White "Ajanel Xiroj, Genry"]
[Black "Molina Hun, Hieysson"]
[Result "1/2-1/2"]
[ECO "A16"]
[WhiteElo "1647"]
[BlackElo "1401"]
[Annotator "NA RC"]
[PlyCount "88"]
[EventDate "2019.01.09"]
[EventType "swiss"]
[EventCountry "GUA"]
[SourceTitle "playchess.com"]
[Source "ChessBase"]
[SourceQuality "1"]
[TimeControl "5400+30"]

1. c4 Nf6 2. Nc3 g6 3. Nf3 Bg7 4. g3 O-O 5. Bg2 c5 6. O-O d6 7. Rb1 Nc6 8. a3 a5 9. Nb5 Bf5 10. d3 Qd7 11. Re1 Ne8 12. b3 Nc7 13. Nxc7 Qxc7 14. Bb2 e5 15. e4 Bg4 16. h3 Bxf3 17. Bxf3 Qe7 18. Qd2 h5 19. Bc3 a4 20. b4 b6 21. Rb2 Rfb8 22. Reb1 Qc7 23. bxc5 bxc5 24. Rb5 Na7 25. Rxb8+ Rxb8 26. Rxb8+ Qxb8 27. Qb2 Qb3 28. Be2 Nc6 29. Qxb3 axb3 30. Bd1 Nd4 31. Bxd4 exd4 32. Bxb3 Bf6 33. Kg2 g5 34. f4 Kg7 35. Kf3 Kg6 36. fxg5 Kxg5 37. h4+ Kg6 38. Kf4 Bd8 39. Kf3 f6 40. Kf4 Ba5 41. Bc2 Bd8 42. Bb3 Ba5 43. Bc2 Bd8 44. Bb3 Ba5 1/2-1/2

[Event "IRT Club Caissa 2019"]
[Site "Guatemala"]
[Date "2019.01.11"]
[Round "5"]
[White "Ramirez Marino, Richard Daniel"]
[Black "Juarez Flores, Carlos A."]
[Result "0-1"]
[ECO "B15"]
[WhiteElo "2080"]
[BlackElo "2377"]
[Annotator "NA"]
[PlyCount "117"]
[EventDate "2019.01.09"]
[EventType "swiss"]
[EventCountry "GUA"]
[SourceTitle "playchess.com"]
[Source "ChessBase"]
[SourceQuality "1"]
[TimeControl "5400+30"]

1. e4 c6 2. d4 d5 3. Nc3 b5 4. a3 dxe4 5. Nxe4 Nf6 {[%emt 0:00:02] B15: Caro-Kann: 3 Nc3: 3...g6 and 3...dxe4 4 Nxe4 Nf6 5 Nxf6+ exf6} 6. Nxf6+ (6. Bd3 g6 7. Bg5 Bg7 8. Nf3 O-O 9. Qd2 Bf5 10. Nxf6+ exf6 11. Be3 Bxd3 12. Qxd3 Nd7 13. d5 {0-1 (41) Belyakov,B (2487)-Howell,D (2644) Doha 2016}) 6... exf6 7. Ne2 Bd6 8. g3 $146 ({Predecessor:} 8. Ng3 O-O 9. Be2 Be6 10. O-O Nd7 11. Bf3 Qc7 12. Re1 Nb6 13. b3 Bxg3 14. hxg3 {½-½ (56) Ginovart,A (1802)-Roque,G (1583) Montlucon 2011}) 8... Be6 9. Bg2 Qd7 10. Bf4 Na6 11. O-O Nc7 12. Bxd6 Qxd6 13. Nf4 O-O 14. Qf3 Bd5 15. Nxd5 Nxd5 16. b3 Rac8 17. c4 Ne7 18. Rfe1 bxc4 19. Qe4 Rc7 20. bxc4 Rd8 21. c5 Qxd4 22. Qxd4 Rxd4 23. Rad1 Rxd1 24. Rxd1 g6 25. Rd6 Kg7 26. a4 a5 27. Rd8 Nc8 28. g4 Ne7 29. Ra8 Rb7 30. h3 Rb1+ 31. Kh2 Rb2 32. Kg1 $11 (32. Ra7 $11) 32... Rc2 33. Rxa5 f5 34. g5 f4 35. Be4 Rc4 36. f3 f5 37. Bd3 Rc3 38. Be2 Kf7 39. Ra7 Rxc5 40. a5 Ke6 41. a6 Ra5 42. Kf2 Kd6 43. Ke1 Ra1+ 44. Kd2 Ra2+ 45. Ke1 c5 46. Bb5 Nc6 47. Rxh7 Ra1+ 48. Kf2 Ra2+ 49. Ke1 Ne5 50. a7 c4 51. Kd1 Kc5 52. Rb7 Nxf3 53. Be8 Ne5 54. Rc7+ Kd4 55. Bc6 Nxc6 56. Rxc6 f3 57. Ke1 Ke3 58. Re6+ Kf4 59. Kf1 {[%emt 0:00:38] Ke5} 0-1

[Event "IRT Club Caissa 2019"]
[Site "Guatemala"]
[Date "2019.01.11"]
[Round "6"]
[White "Zaragatski, Ilja"]
[Black "Gongora Montes, Benjamin"]
[Result "1-0"]
[ECO "A36"]
[WhiteElo "2465"]
[BlackElo "2143"]
[Annotator "ChessBase"]
[PlyCount "71"]
[EventDate "2019.01.09"]
[EventType "swiss"]
[EventCountry "GUA"]
[SourceTitle "playchess.com"]
[Source "ChessBase"]
[SourceQuality "1"]
[TimeControl "5400+30"]

1. c4 g6 2. g3 Bg7 3. Bg2 c5 4. Nc3 Nc6 5. a3 e6 6. Rb1 Nge7 7. b4 d6 8. Nf3 O-O 9. O-O b6 10. Qb3 Bb7 11. Bb2 Rb8 12. e3 Qd7 13. Rfd1 cxb4 14. axb4 a5 15. Na2 d5 16. Bxg7 Kxg7 17. b5 Nd8 18. Qc3+ f6 19. c5 bxc5 20. Qxc5 Nf7 21. Nc3 e5 22. d4 e4 23. Nd2 Ng5 24. Rdc1 Ne6 25. Qa3 f5 26. Na4 Rfc8 27. Nc5 Qd6 28. Nxe6+ Qxe6 29. Qxa5 Ra8 30. Qb4 g5 31. Nb3 Rxc1+ 32. Rxc1 Rc8 33. Nc5 Qb6 34. Ra1 Ra8 35. Rxa8 Bxa8 36. Nxe4 1-0

[Event "IRT Club Caissa 2019"]
[Site "Guatemala"]
[Date "2019.01.12"]
[Round "7"]
[White "Juarez Flores, Carlos A."]
[Black "Juarez Flores, Gustavo E."]
[Result "1-0"]
[ECO "A45"]
[WhiteElo "2377"]
[BlackElo "2060"]
[Annotator "NA"]
[PlyCount "60"]
[EventDate "2019.01.09"]
[EventType "swiss"]
[EventCountry "GUA"]
[SourceTitle "playchess.com"]
[Source "ChessBase"]
[SourceQuality "1"]
[TimeControl "5400+30"]

1. d4 Nf6 2. g3 g6 3. Bg2 Bg7 4. c4 d6 5. Nf3 O-O 6. O-O Nbd7 7. b3 e5 8. Bb2 exd4 9. Nxd4 Re8 10. Nc3 Nc5 11. Qc2 a5 12. Rad1 Bd7 13. Rfe1 Qc8 14. Nd5 Nxd5 15. cxd5 Re7 16. e4 Qf8 17. h3 Rae8 18. Bc3 b6 19. Kh2 h6 20. Re2 Kh7 21. Rde1 Qh8 22. Qd2 Bc8 23. Re3 Bd7 24. a3 a4 25. b4 Nb3 26. Nxb3 axb3 27. Bxg7 Qxg7 28. Rxb3 f5 29. Rc1 Bc8 30. exf5 Kg8 1-0